General information
- name: BNet
- type: Ladder 1vs1/FFA
- host: Battle.net
- saver: GoblinFingerer
map: TurtleRock
- players: 2
- length: 22:52
- speed: Fast
- version: 1.26 W3XP
- replay type: Public
» download(67 KB)
Players
team 1 (winner)
GoblinFingerer (
pink | 80 APM | 1829 actions | 22:52)
6 Blademaster
2 Wind Walk
3 Critical Strike
1 Bladestorm
» actions
| Assign group hotkey | 40 | |
| Basic commands | 43 | |
| Build / train | 79 | |
| ESC pressed | 6 | |
| Enter build submenu | 36 | |
| Enter hero's abilities submenu | 6 | |
| Give item / drop item | 6 | |
| Right click | 859 | |
| Select / deselect | 263 | |
| Select group hotkey | 362 | |
| Use ability | 129 | |
1829 total
» units
| Peon | 25 | |
| Wind Rider | 4 | |
| Troll Batrider | 10 | |
| Troll Witch Doctor | 1 | |
40 total
» upgrades
| Reinforced Defenses | 1 | |
| Envenomed Spears | 1 | |
| Ranged Weapons | 2 | |
| Liquid Fire | 1 | |
| Witch Doctor Training | 2 | |
| Armor | 1 | |
8 total
» buildings
| Altar of Storms | 1 | |
| Orc Burrow | 7 | |
| Voodoo Lounge | 2 | |
| War Mill | 1 | |
| Stronghold | 1 | |
| Watch Tower | 18 | |
| Beastiary | 3 | |
| Fortress | 1 | |
| Great Hall | 2 | |
| Spirit Lodge | 1 | |
37 total
» build order
00:05 Altar of Storms
00:18 Orc Burrow
00:34 Voodoo Lounge
01:25 War Mill
02:03 Orc Burrow
03:11 Stronghold
03:29 Watch Tower
03:30 Watch Tower
04:34 Watch Tower
04:37 Watch Tower
05:37 Beastiary
05:39 Beastiary
06:32 Fortress
07:04 Orc Burrow
08:15 Orc Burrow
11:12 Great Hall
11:32 Watch Tower
11:33 Watch Tower
11:34 Watch Tower
11:35 Watch Tower
12:32 Watch Tower
12:33 Watch Tower
12:37 Watch Tower
12:48 Watch Tower
13:24 Orc Burrow
13:56 Spirit Lodge
15:15 Beastiary
15:16 Orc Burrow
17:13 Watch Tower
17:14 Watch Tower
17:15 Watch Tower
17:16 Watch Tower
17:22 Watch Tower
17:24 Watch Tower
19:33 Great Hall
19:36 Orc Burrow
19:37 Voodoo Lounge
» items
| Lesser Clarity Potion | 10 | |
| Healing Salve | 6 | |
| Boots of Speed | 1 | |
| Staff of Teleportation | 1 | |
| Orb of Lightning | 1 | |
| Potion of Healing | 1 | |
| Potion of Mana | 1 | |
| Scroll of Town Portal | 1 | |
22 total
team 2 (loser)
ghostnite (
teal | 44 APM | 1005 actions | 22:51)
3 Mountain King
2 Storm Bolt
1 Bash
3 Paladin
2 Holy Light
1 Divine Shield
2 Archmage
1 Summon Water Elemental
1 Brilliance Aura
» actions
| Assign group hotkey | 83 | |
| Basic commands | 4 | |
| Build / train | 74 | |
| Enter build submenu | 31 | |
| Enter hero's abilities submenu | 9 | |
| Remove unit from queue | 3 | |
| Right click | 324 | |
| Select / deselect | 326 | |
| Select group hotkey | 74 | |
| Use ability | 76 | |
1005 total
» units
| Peasant | 10 | |
| Flying Machine | 16 | |
| Gryphon Rider | 1 | |
| Knight | 3 | |
| Rifleman | 5 | |
| Mortar Team | 1 | |
36 total
» upgrades
| Masonry | 2 | |
| Lumber Harvesting | 1 | |
| Animal War Training | 1 | |
| Long Rifles | 1 | |
| Gunpowder | 1 | |
| Flak Cannons | 1 | |
7 total
» buildings
| Farm | 9 | |
| Altar of Kings | 1 | |
| Scout Tower | 5 | |
| Lumber Mill | 1 | |
| Guard Tower | 5 | |
| Keep | 1 | |
| Blacksmith | 1 | |
| Arcane Vault | 1 | |
| Castle | 1 | |
| Workshop | 1 | |
| Gryphon Aviary | 1 | |
| Barracks | 3 | |
30 total
» build order
00:09 Farm
00:13 Altar of Kings
00:28 Scout Tower
00:42 Farm
00:55 Scout Tower
01:10 Lumber Mill
01:17 Farm
01:51 Scout Tower
02:13 Guard Tower
02:23 Guard Tower
02:27 Guard Tower
02:34 Scout Tower
03:09 Guard Tower
03:40 Keep
03:48 Blacksmith
04:18 Arcane Vault
04:24 Scout Tower
04:52 Guard Tower
05:08 Farm
06:03 Castle
06:19 Workshop
06:50 Gryphon Aviary
07:40 Barracks
08:47 Farm
08:51 Farm
08:59 Farm
11:42 Barracks
12:14 Barracks
14:08 Farm
14:10 Farm
» items
| Lesser Clarity Potion | 2 | |
| Staff of Sanctuary | 2 | |
| Orb of Fire | 2 | |
6 total
Chat log
(22:47 / All) ghostnite: U R SUCH A PUSSY
(22:49 / All) GoblinFingerer: LOL
(22:50 / All) GoblinFingerer: UR SO MAD